 Dungeon Crawl Stone Soup version 0.31.0-11-ge490571c62 (webtiles) character file.

Game seed: 917384744915272841

224 gelatine the Magician (level 6, -4/46 HPs)
             Began as a Djinni Fire Elementalist on Jan 28, 2024.
             Slain by Duvessa
             ... wielding a +2 rapier of freezing
              (9 damage)
             ... on level 4 of the Dungeon.
             The game lasted 00:08:44 (2778 turns).

gelatine the Magician (Djinni Fire Elementalist)    Turns: 2778, Time: 00:08:45

Health: -4/46      AC:  3    Str:  7    XL:     6   Next: 20%
Gold:   34         EV: 13    Int: 18    God:
                   SH:  0    Dex: 14

rFire   + + .        e - +2 short sword (flame)
rCold   x . .        (no shield)
rNeg    . . .        a - +0 robe
rPois   ∞            (no helmet)
rElec   .            (no cloak)
rCorr   .            f - +0 pair of gloves
SInv    .            (boots unavailable)
Will    .....        (no amulet)
Stlth   ++           (no ring)
HPRegen 0.27/turn    (no ring)
MPRegen 0.00/turn

%: infuse magic (-5 HP)
@: flying
A: sickness immunity, fire resistance 2, cold vulnerability 1, float, innate
caster, HP casting, extra vitality 1
a: no special abilities


You were on level 4 of the Dungeon.
You visited 1 branch of the dungeon, and saw 4 of its levels.

You collected 34 gold pieces.

Inventory:

Hand Weapons
 e - a +2 short sword of flaming (weapon)
Missiles
 b - 6 atropa-tipped darts
Armour
 a - a +0 robe (worn)
 f - a +0 pair of gloves (worn)
 k - a +0 tower shield
Scrolls
 c - 4 scrolls of identify {unknown}
 d - a scroll of enchant armour {unknown}
 g - 2 scrolls of immolation {unknown}
 h - a scroll of fear {unknown}
 i - a scroll of teleportation {unknown}
 j - a scroll of amnesia {unknown}
Potions
 l - a potion of heal wounds {unknown}


   Skills:
 * Level 3.0 Fighting
 + Level 1.0 Short Blades
 + Level 3.1 Dodging
 + Level 2.1 Stealth
 * Level 4.1 Spellcasting
 * Level 4.1 Conjurations
 * Level 4.1 Hexes
 * Level 4.1 Summonings
 * Level 4.1 Necromancy
 * Level 4.1 Translocations
 * Level 4.1 Fire Magic
 * Level 4.1 Ice Magic
 * Level 4.1 Air Magic
 * Level 4.1 Earth Magic
 * Level 4.1 Alchemy


You knew the following spells:

 Your Spells              Type           Power      Damage    Failure   Level
a - Foxfire               Conj/Fire      72%        2x1d7     2%          1
b - Scorch                Fire           36%        2d6       4%          2
c - Volatile Blastmotes   Fire/Tloc      36%        2d13      8%          3
d - Inner Flame           Hex/Fire       18%        N/A       8%          3
e - Flame Wave            Conj/Fire      18%        2d7       26%         4
f - Shock                 Conj/Air       72%        1d7       2%          1
g - Jinxbite              Hex            36%        N/A       4%          2
Your spell library was empty.

Dungeon Overview and Level Annotations

Branches:
Dungeon (4/15)
 Temple: D:4-7

Altars:

Annotations:
D:4 Dowan, Duvessa


Innate Abilities, Weirdness & Mutations

You are immune to sickness and miasma.
You are immune to poison.
Your flesh is very heat resistant. (rF++)
You are vulnerable to cold. (rC-)
You float through the air rather than walking.
You learn spells naturally, not from books.
Your magical power is your life essence.
You have superior vitality. (+4 MHP)


Message History

The foxfire hits Duvessa.
Duvessa is lightly wounded.
There is an open door here.
Casting: Foxfire (safe; 2% risk of failure)
Confirm with . or Enter, or press ? or * to list all spells.
A cloud of volatile blastmotes flares up around you!
Run!
The cloud of blastmotes explodes!
The concussive blast engulfs Duvessa!!
Duvessa is severely wounded.
You hear an angry hiss.
Casting: Volatile Blastmotes (dangerous; 8% risk of failure)
Confirm with . or Enter, or press ? or * to list all spells.
A cloud of volatile blastmotes flares up around you!
Run!
Duvessa says, "When magic and the sword combine, nothing stands against them."
The cloud of blastmotes explodes!
The concussive blast engulfs Duvessa but does no damage.
Duvessa is severely wounded.
Casting: Volatile Blastmotes (dangerous; 8% risk of failure)
Confirm with . or Enter, or press ? or * to list all spells.
Flames lash Duvessa but do no damage.
Casting: Scorch (safe; 4% risk of failure)
Confirm with . or Enter, or press ? or * to list all spells.
Flames lash Duvessa but do no damage.
Duvessa hits you with a +2 rapier of freezing!
Duvessa freezes you.
Casting: Scorch (safe; 4% risk of failure)
Confirm with . or Enter, or press ? or * to list all spells.
Flames lash Duvessa.
Duvessa is almost dead.
Duvessa's fire resistance burns away.
Duvessa hits you with a +2 rapier of freezing.
Duvessa freezes you.
Casting: Scorch (safe; 4% risk of failure)
Confirm with . or Enter, or press ? or * to list all spells.
Flames lash Dowan.
Dowan is moderately wounded.
Dowan's fire resistance burns away.
Duvessa hits you with a +2 rapier of freezing!
* * * LOW HITPOINT WARNING * * *
Duvessa freezes you!
You die...

....#.....'....#
...#.....#....#
...#######....##### #########
#......####......# ........#
+......#..#......# ........#
#......+..#......# ...e....#
#......#..#......# ........#
#...K..#..#......#
..####'#####.e.e@.#'##......#
#.........#####....>†.....#
#.........#...#...........#
#.........#...#...........#
#.........###.............#
....#######....#######.....#
..... #....# .....# #....
#....# ...[.# ##... #..^.##
.....#


You could see Duvessa (combustible), Dowan (combustible) and a kobold.

Vanquished Creatures
  Sigmund (D:3)
  An adder (D:2)
  A ribbon worm (D:2)
  2 dart slugs
  5 orcs (D:3)
  5 ball pythons
  An endoplasm (D:2)
  2 giant cockroaches
  5 goblins
  7 hobgoblins
  2 quokkas
  9 bats
  2 frilled lizards (D:2)
  5 kobolds
  5 rats
53 creatures vanquished.

Vanquished Creatures (collateral kills)
  A foxfire (D:2)
1 creature vanquished.

Vanquished Creatures (others)
  170 foxfires
170 creatures vanquished.

Grand Total: 224 creatures vanquished

Notes
Turn   | Place    | Note
-------+----------+-------------------------------------------
     0 | D:1      | gelatine the Djinni Fire Elementalist began the quest for
                  | the Orb.
     0 | D:1      | gelatine set off with the following spells memorised:
                  | Foxfire, Scorch, Volatile Blastmotes, Inner Flame, Flame
                  | Wave.
     0 | D:1      | Reached XP level 1. HP: 15/15 MP: 0/0
   204 | D:1      | Reached XP level 2. HP: 18/21 MP: 0/0
   998 | D:2      | Reached skill level 1 in Fighting
   998 | D:2      | Reached XP level 3. HP: 22/27 MP: 0/0
   998 | D:2      | Learned a level 1 spell: Shock
  1482 | D:2      | Reached XP level 4. HP: 27/33 MP: 0/0
  1654 | D:2      | Found a faded altar of an unknown god.
  2304 | D:3      | Noticed Sigmund
  2310 | D:3      | Killed Sigmund
  2311 | D:3      | Reached XP level 5. HP: 32/40 MP: 0/0
  2311 | D:3      | Learned a level 2 spell: Jinxbite
  2311 | D:3      | Reached XP level 6. HP: 36/45 MP: 0/0
  2315 | D:3      | Reached skill level 1 in Short Blades
  2758 | D:4      | Noticed Duvessa
  2759 | D:4      | Noticed Dowan
  2778 | D:4      | Slain by Duvessa

Illustrated notes

Levels and vault maps discovered:
D:1:      minmay_arrival_four_loops, layout_basic,
          chequers_serial_rivers_small_3, chequers_serial_rivers_room_b,
          grunt_decor_cap, nicolae_the_louvre
D:2:      cheibrodos_old_hovel, layout_basic,
          shapermc_ecumenical_altar_flowoftime, minivault_4,
          grunt_decor_resistance, grunt_ministairs_15
D:3:      layout_rooms, minmay_misc_feat_secret_circle, minivault_23,
          uniq_sigmund
D:4:      layout_gridville, mainiacjoe_overflow_six_doors_small,
          nemelex_spade_bored_becter, ebering_ghost_sewer_d,
          chequers_mini_garden, serial_library_hellmonk_recessed_alcove,
          minmay_shop_mayhem, uniq_duvessa

Skill      XL: |  1  2  3  4  5  6 |
---------------+-------------------+-----
Fighting       | 1 2 3 |  3.0
Stealth        | 2 |  2.1
Dodging        | 3 |  3.1
Spellcasting   | 4 |  4.1
Conjurations   | 4 |  4.1
Hexes          | 4 |  4.1
Summonings     | 4 |  4.1
Necromancy     | 4 |  4.1
Translocations | 4 |  4.1
Fire Magic     | 4 |  4.1
Ice Magic      | 4 |  4.1
Air Magic      | 4 |  4.1
Earth Magic    | 4 |  4.1
Alchemy        | 4 |  4.1
Short Blades   | 1 |  1.0

Action                     |  1- 3 |  4- 6 || total
---------------------------+-------+-------++-------
  Melee: Unarmed           |     2 |       ||     2
         Short sword       |     1 |    40 ||    41
         Punch             |       |     1 ||     1
   Cast: Foxfire           |    81 |    18 ||    99
         Scorch            |     6 |    16 ||    22
         Shock             |       |     4 ||     4
         Volatile Blastmot |       |     4 ||     4
 Armour: Robe              |     3 |    28 ||    31
  Dodge: Dodged            |     6 |    23 ||    29
